 Dungeon Crawl Stone Soup version 0.28-a0-872-g80cf8599ee (webtiles) character file.

Game seed: 14878627657254592718

766 sanka the Cleaver (level 7, -1/55 HPs)
             Began as a Palentonga Abyssal Knight on Nov 20, 2021.
             Was a Believer of Lugonu.
             Slain by an iguana (4 damage)
             ... on level 5 of the Dungeon.
             The game lasted 00:09:51 (7049 turns).

sanka the Cleaver (Palentonga Abyssal Knight)       Turns: 7049, Time: 00:09:51

Health: -1/55      AC:  6    Str: 18    XL:     7   Next: 52%
Magic:  9/9        EV:  8    Int: 10    God:    Lugonu [**....]
Gold:   315        SH:  0    Dex: 17    Spells: 6/6 levels left

rFire   . . .      SeeInvis +   a - +1 hand axe
rCold   . . .      Faith    .   (no shield)
rNeg    . . .      Spirit   .   l - quicksilver dragon scales
rPois   .          Reflect  .   (no helmet)
rElec   .          Harm     .   m - +2 cloak
rCorr   .          Rampage  .   (no gloves)
Will    +....                   (no barding)
Stlth   +.........              (no amulet)
HPRegen 0.18/turn               (no ring)
MPRegen 0.11/turn               j - +6 ring of dexterity

@: corroded, curled up
A: large, rugged brown scales 3, see invisible, deformed body, roll 1, armoured
tail, reflexive curl
a: Rolling Charge, Renounce Religion, Depart the Abyss, Bend Space


You were on level 5 of the Dungeon.
You worshipped Lugonu.
Lugonu was pleased with you.
You visited 1 branch of the dungeon, and saw 5 of its levels.
You visited the Abyss 1 time.

You collected 315 gold pieces.


Innate Abilities, Weirdness & Mutations

You are completely covered in rugged brown scales. (AC +3, +7% HP)
You have supernaturally acute eyesight. (SInv)
Armour fits poorly on your strangely shaped body.
You can roll at nearby foes to attack.
You have a long armoured tail.
You curl defensively after being hit. (AC +7*)


   Skills:
 - Level 3.0 Fighting
 - Level 8.0 Axes
 - Level 1.5 Armour
 - Level 0.7 Dodging
 + Level 1.6 Shields
 + Level 3.2 Invocations


You had 6 spell levels left.
You didn't know any spells.
Your spell library contained the following spells:

 Spells                   Type           Power      Damage    Failure   Level
 Foxfire                  Conj/Fire      0%         2x1d4     56%         1
 Blink                    Tloc           0%         N/A       71%         2
 Ensorcelled Hibernation  Hex/Ice        0%         N/A       71%         2
 Conjure Flame            Conj/Fire      0%         6-21      90%         3
 Inner Flame              Hex/Fire       0%         N/A       90%         3
 Lesser Beckoning         Tloc           0%         N/A       90%         3
 Portal Projectile        Hex/Tloc       0%         N/A       90%         3
 Spider Form              Tmut/Pois      0%         N/A       90%         3
 Flame Wave               Conj/Fire      0%         3d3       100%        4
 Blade Hands              Tmut           0%         N/A       100%        5
 Excruciating Wounds      Necr           0%         N/A       100%        5
 Manifold Assault         Tloc           0%         N/A       100%        5

Inventory:

Hand Weapons
 a - a +1 hand axe (weapon)
 h - a +0 morningstar
Missiles
 f - 11 poisoned darts (quivered)
Armour
 b - a +0 leather armour
 e - a +0 tower shield
 l - quicksilver dragon scales (worn)
 m - a +2 cloak (worn)
Magical Staves
 p - a staff of poison
Jewellery
 j - a +6 ring of dexterity (right hand)
Wands
 n - a wand of iceblast (7)
Scrolls
 c - 2 scrolls of blinking
 d - 3 scrolls of teleportation {@r4}
 g - 2 scrolls of noise {!r}
 i - a scroll of acquirement {unknown}
 o - a scroll of enchant armour {unknown}
Potions
 k - a potion of curing {@q1}

Dungeon Overview and Level Annotations

Branches:
Dungeon (5/15)
 Temple: D:4-7

Altars:
Ashenzari
Beogh

Shops:
D:3 (

Annotations:
D:2 1 runed translucent door, Crazy Yiuf

▒.▒▒▒▒ ▒.▒.......▒▒▒▒▒▒▒
▒.▒▒▒▒▒▒.▒.▒.▒▒▒÷▒▒▒▒▒▒▒▒▒▒
...........................
▒......P..▒▒▒▒.._..▒▒▒▒..PP
...........................
▒▒▒▒▒▒▒▒▒........▒.▒▒▒.▒▒▒▒
▒...▒▒▒▒.▒.▒ ▒▒▒▒▒
▒...▒....▒.▒ ....▒
▒...▒.▒.H▒.▒ ▒▒▒.▒▒▒▒▒...▒
▒l.▒.▒ ▒...........▒ ▒..▒.▒
▒.▒.........▒ ▒..▒.▒
▒.▒▒▒▒▒▒▒.▒.. ▒.<▒.▒ ▒.▒
▒.▒ ▒.▒▒.▒ ▒.▒ ▒.▒.▒▒▒.▒▒.▒
▒.▒ ▒.▒........▒ ▒.▒
▒.▒▒▒▒▒.▒▒▒▒▒▒.


You could see an iguana.


Message History

You are splashed with acid!
The iguana bites you but does no damage.
You slash the jelly!
You kill the jelly!
Lugonu accepts your kill.
You closely miss the iguana. The iguana bites you.
* * * LOW HITPOINT WARNING * * *
Unknown command.
You closely miss the iguana. The iguana completely misses you.
Unknown command.
You hit the iguana but do no damage. The iguana barely misses you.
Unknown command.
You hit the iguana.
The iguana is lightly wounded.
The iguana bites you!
* * * LOW HITPOINT WARNING * * *
Unknown command.
You hit the iguana but do no damage.
The iguana is lightly wounded.
The iguana bites you!
* * * LOW HITPOINT WARNING * * *
Unknown command.
You hit the iguana but do no damage.
You tail-slap the iguana, but do no damage.
The iguana is lightly wounded.
The iguana bites you.
You die...

Action                   |  1- 3 |  4- 6 |  7- 9 || total
-------------------------+-------+-------+-------++-------
Melee: Hand axe          |    91 |   178 |    72 ||   341
       Tailslap          |    10 |    24 |    14 ||    48
Throw: Dart              |       |     4 |       ||     4
Invok: Depart the Abyss  |     1 |       |       ||     1
 Abil: Rolling Charge    |     1 |     5 |     1 ||     7
  Use: Scroll            |       |     3 |       ||     3
       Potion            |       |     2 |       ||     2
Armor: Leather armour    |    35 |    50 |       ||    85
       Skin              |       |    18 |       ||    18
       Quicksilver drago |       |       |    37 ||    37
Dodge: Dodged            |    45 |    79 |    23 ||   147

Levels and vault maps discovered:
D:1:      dpeg_arrival_rooms_a, layout_rooms,
          hellmonk_ecumenical_altar_leap_of_faith
D:2:      layout_loops_cross, serial_forest, infiniplex_forest_straight_1,
          infiniplex_forest_lined_2, infiniplex_forest_clump_cross,
          infiniplex_forest_end_3, infiniplex_forest_clump_tiny,
          infiniplex_forest_side_room, infiniplex_forest_corner_1,
          uniq_crazy_yiuf_cottage
D:3:      layout_basic, serial_shops, shop, uniq_terence, uniq_sigmund,
          uniq_natasha
D:4:      layout_loops_ring, kennysheep_orc_chapel
D:5:      layout_basic, mainiacjoe_overflow_boulevard, jmf_multi_god_temple2,
          mainiacjoe_overflow_paths

Notes
Turn   | Place    | Note
-------+----------+-------------------------------------------
     0 | Abyss:1  | sanka the Palentonga Abyssal Knight began the quest for the
                  | Orb.
     0 | Abyss:1  | Reached XP level 1. HP: 19/19 MP: 2/2
    32 | Abyss:1  | Noticed an ancient zyme
    37 | Abyss:1  | Noticed a sixfirhy
    42 | D:1      | Escaped the Abyss
   224 | D:1      | Reached * piety under Lugonu
   225 | D:1      | Reached XP level 2. HP: 19/25 MP: 3/3
   229 | D:1      | Reached skill level 3 in Axes
   606 | D:1      | Found a faded altar of an unknown god.
   617 | D:1      | Reached XP level 3. HP: 28/31 MP: 4/4
  1009 | D:2      | Reached skill level 4 in Axes
  1069 | D:2      | Reached XP level 4. HP: 11/37 MP: 5/5
  1620 | D:2      | Reached ** piety under Lugonu
  2214 | D:2      | Found a runed translucent door.
  2215 | D:2      | Noticed Crazy Yiuf
  2569 | D:2      | Reached skill level 5 in Axes
  3127 | D:3      | Noticed Terence
  3261 | D:3      | Reached XP level 5. HP: 42/43 MP: 6/6
  3354 | D:3      | Noticed Natasha
  3361 | D:3      | Killed Natasha
  3565 | D:3      | Noticed Sigmund
  3690 | D:3      | Noticed Natasha
  3945 | D:3      | HP: 3/43 [Sigmund (12)]
  4238 | D:2      | Killed Sigmund
  4239 | D:2      | Reached skill level 6 in Axes
  4239 | D:2      | Reached XP level 6. HP: 41/50 MP: 7/7
  4488 | D:3      | Found Soanoucu's Weapon Shop.
  4784 | D:3      | Killed Natasha
  4916 | D:3      | Killed Terence
  4917 | D:3      | Reached skill level 7 in Axes
  5648 | D:4      | Gained mutation: You curl defensively after being hit. (AC
                  | +7*) [Palentonga growth]
  5648 | D:4      | Reached XP level 7. HP: 51/55 MP: 8/8
  5765 | D:4      | Identified quicksilver dragon scales
  6231 | D:3      | Reached skill level 8 in Axes
  6636 | D:5      | Entered Level 5 of the Dungeon
  6653 | D:5      | Reached skill level 1 in Shields
  6739 | D:5      | Found a broken altar of Ashenzari.
  6847 | D:5      | Reached skill level 3 in Invocations
  7048 | D:5      | HP: 3/55 [iguana (11)]
  7049 | D:5      | Slain by an iguana

Vanquished Creatures
  Sigmund (D:2)
  A scorpion (D:5)
  A howler monkey (D:4)
  2 hounds (D:4)
  A jelly (D:5)
  A bullfrog skeleton (D:5)
  2 orc priests
  Terence (D:3)
  2 orc wizards (D:3)
  Natasha (twice) (D:3)
  A hound skeleton (D:4)
  3 gnolls
  6 adders
  An ufetubus (D:4)
  A worm (D:2)
  A dart slug (D:1)
  12 orcs
  8 endoplasms
  7 giant cockroaches
  4 goblins
  7 hobgoblins
  4 jackals (D:1)
  7 kobolds
  7 quokkas
  12 ball pythons
  4 bats
  4 frilled lizards
  3 rats
106 creatures vanquished.

Vanquished Creatures (others)
  12 plants
12 creatures vanquished.

Grand Total: 118 creatures vanquished
